 Dungeon Sprint DCSS version 0.31-a0-325-g067879e3d3 (webtiles) character file.

Game seed: 17720307498910762029

21 Conn the Firebug (level 2, -2/25 HPs)
             Began as an Octopode Fire Elementalist on July 18, 2023.
             Slain by a scorpion (4 damage)
             ... in the Dungeon (Sprint III: "The Ten Rune Challenge").
             The game lasted 00:00:48 (87 turns).

Conn the Firebug (Octopode Fire Elementalist)         Turns: 87, Time: 00:00:49

Health: -2/25      AC:  1    Str:  7    XL:     2   Next: 87%
Magic:  1/5        EV: 13    Int: 17    God:
Gold:   0          SH:  0    Dex: 12    Spells: 5/6 levels left

rFire   . . .        (no weapon)
rCold   . . .        (no shield)
rNeg    . . .        (helmet restricted)
rPois   .            (no amulet)
rElec   .            (no ring)
rCorr   .            (no ring)
SInv    .            (no ring)
Will    .....        (no ring) Stlth
                     (no ring)
HPRegen 0.24/turn    (no ring)
MPRegen 0.09/turn    (no ring)
                     (no ring)

%: no teleportation
@: berserking, very quick
A: almost no armour, amphibious, 8 rings, camouflage 1, gelatinous body 1,
nimble swimmer 1, tentacles
a: no special abilities


You were in the Dungeon.
You visited 1 branch

Inventory:

Scrolls
 f - a scroll of blinking
 g - a scroll of fog {unknown}
Potions
 a - 3 potions of magic
 b - 2 potions of curing
 c - a potion of heal wounds
 d - a potion of haste


   Skills:
 + Level 2.9 Dodging
 + Level 3.6 Stealth
 + Level 2.8 Spellcasting
 + Level 1.2 Conjurations
 + Level 4.9 Fire Magic


You had 5 spell levels left.
You knew the following spells:

 Your Spells              Type           Power      Damage    Failure   Level
a - Foxfire               Conj/Fire      48%        2x1d6     4%          1

Your spell library contained the following spells:

 Spells                   Type           Power      Damage    Failure   Level
 Scorch                   Fire           38%        2d6       3%          2
 Inner Flame              Hex/Fire       10%        N/A       19%         3
 Volatile Blastmotes      Fire/Tloc      20%        2d11      19%         3
 Flame Wave               Conj/Fire      12%        2d6       45%         4


Dungeon Overview and Level Annotations

Branches:
Dungeon (1/1)

Altars:


Innate Abilities, Weirdness & Mutations

You cannot wear most types of armour.
You are amphibious.
You can wear up to eight rings at the same time.
Your skin changes colour to match your surroundings (Stealth+).
Your rubbery body absorbs attacks. (AC +1, EV +1)
You are camouflaged when in or above water. (Stealth+)
You have tentacles for arms and can constrict up to eight enemies at once.


Message History

Casting: Foxfire (safe; 8% risk of failure)
Confirm with . or Enter, or press ? or * to list all spells.
You conjure some foxfire!
Unknown command.
The foxfire hits the human but does no damage.
The human is heavily wounded.
The foxfire hits the human.
The human is heavily wounded.
The human is engulfed in a cloud of scalding steam.
Unknown command.
You closely miss the human. Your grab misses the human.
Your squeeze misses the human.
The human is almost dead.
The human hits you.
Ouch! That really hurt!
Unknown command.
Unknown command.
Okay, then.
Unknown command.
A red film seems to cover your vision as you go berserk!
You feel yourself moving faster!
You feel mighty! The human hits you.
You miss the human. Your grab misses the human.
The human is almost dead.
You barely miss the human. Your grab misses the human.
Your squeeze misses the human.
The human is almost dead.
The human splashes around in the water.
You miss the human. You grab the human. You squeeze the human!
You kill the human!
The scorpion stings you.
* * * LOW HITPOINT WARNING * * *
Your Fire Magic skill increases to level 4!
You have reached level 2!
Unknown command.
Unknown command.
You bludgeon the scorpion! You grab the scorpion. You squeeze the scorpion!
The scorpion is almost dead.
You constrict the scorpion, but do no damage.
The scorpion stings you.
You die...

▓<.# +...♣.♣ ▓..#
#.....♣♣
▓#'####......♣
▓...†.#....~.♣♣♣♣
▓.....#...~~....♣.
▓.....#..~~~~♣♣♣..
▓####'#..~≈≈~~~...#
▓.....#.~s≈~~~....#
▓...†.#.~≈@~~.....#
▓.....#.~~~.......#
▓'#####...........#
▓.................#
▓▓▓▓▓▓▓▓▓▓▓▓▓▓▓▓▓▓▓


You could see a scorpion.

Vanquished Creatures
  A human (D)
  An endoplasm (D)
  3 rats (D)
5 creatures vanquished.

Vanquished Creatures (others)
  11 foxfires (D)
11 creatures vanquished.

Grand Total: 16 creatures vanquished

Notes
Turn   | Place    | Note
-------+----------+-------------------------------------------
     0 | D        | Conn the Octopode Fire Elementalist began the quest for the
                  | Orb.
     0 | D        | Reached XP level 1. HP: 11/11 MP: 3/3
    69 | D        | Noticed a scorpion
    87 | D        | Reached skill level 4 in Fire Magic
    87 | D        | Reached XP level 2. HP: 2/17 MP: 1/5
    87 | D        | Slain by a scorpion

Illustrated notes

Levels and vault maps discovered:
D:        dungeon_sprint_mu [sprint_mu_entry_forest, sprint_mu_temple_rooms,
          sprint_mu_d1_spiders, sprint_mu_d2_genie, sprint_mu_d3_branching,
          sprint_mu_orc_legion, sprint_mu_elf_gauntlet, sprint_mu_hive_nellie,
          sprint_mu_lair_fedhas, sprint_mu_vaults_butterflies,
          sprint_mu_slime_circle, sprint_mu_shoals_kraken,
          sprint_mu_snake_twists, sprint_mu_blade_basic,
          sprint_mu_crypt_chambers, sprint_mu_tomb_spiral,
          sprint_mu_vestibule_basic, sprint_mu_gehenna_hellfire,
          sprint_mu_dis_giant, sprint_mu_tartarus_statrot,
          sprint_mu_cocytus_islands, sprint_mu_zot1]

Skill      XL: |  1 |
---------------+----+-----
Stealth        | 3 |  3.6
Fire Magic     | 4 |  4.9
Dodging        | |  2.9
Spellcasting   | |  2.8
Conjurations   | |  1.2

Action                     || total
---------------------------++-------
  Melee: Unarmed           ||     6
         Constrict         ||     2
         Tentacles         ||     2
   Cast: Foxfire           ||     7
    Use: Potion            ||     1

Table legend: (Time is in decaauts)
 A = Elapsed time spent in this place.
 B = Non-inter-level travel time spent in this place.
 C = Inter-level travel time spent in this place.
 D = Time resting spent in this place.
 E = Time spent auto-exploring this place.
 F = Levels seen in this place.
 G = Mean time per level.
                   A        B        C        D        E       F      G
               +--------+--------+--------+--------+--------+-----+--------+
         Total |     86 |     86 |      0 |     36 |      0 |   1 |   86.0 |
       Dungeon |     86 |     86 |      0 |     36 |      0 |   1 |   86.0 |
               +--------+--------+--------+--------+--------+-----+--------+

Top non-repeatable levels by time:
       D: 86 daAuts
